 Dungeon Crawl Stone Soup version 0.23-a0-473-gc8aadda88e (webtiles) character file.

245 LostNumber the Caller (level 5, -1/39 HPs)
             Began as a Mummy Summoner on Nov 28, 2018.
             Was an Initiate of Gozag.
             Hit by a stone thrown by an orc warrior (12 damage)
             ... on level 4 of the Dungeon.
             The game lasted 00:11:35 (4572 turns).

LostNumber the Caller (Mummy Summoner)              Turns: 4572, Time: 00:11:36

Health: -1/39      AC:  3    Str: 11    XL:     5   Next: 83%
Magic:  11/11      EV: 12    Int: 19    God:    Gozag
Gold:   179        SH:  3    Dex: 13    Spells: 2/12 levels left

rFire    x . .     SeeInvis .   h - +0 short sword (venom)
rCold    + . .     Gourm    .   (no shield)
rNeg     + + +     Faith    .   a - +1 robe
rPois    ∞         Spirit   .   (no helmet)
rElec    .         Reflect  +   (no cloak)
rCorr    .         Harm     .   (no gloves)
MR       .....                  (no boots)
Stlth    ++........             j - +3 amulet of reflection
HPRegen  0.13/turn              f - +4 ring of intelligence
MPRegen  0.12/turn              (no ring)

@: slowed, very slow
A: no food or potions, fire vulnerability, cold resistance 1, negative energy
resistance 3, torment resistance, unbreathing
a: Potion Petition, Call Merchant, Bribe Branch, Renounce Religion


You were on level 4 of the Dungeon.
You worshipped Gozag.
Gozag was aware of your devotion.
You were not hungry.

You visited 1 branch of the dungeon, and saw 4 of its levels.

You collected 234 gold pieces.
You paid 55 gold pieces to Gozag.

Inventory:

Hand Weapons
 b - a +0 club
 c - a +0 short sword
 e - a +0 spear
 h - a +0 short sword of venom (weapon)
Armour
 a - a +1 robe (worn)
Jewellery
 f - a +4 ring of intelligence (left hand)
 j - a +3 amulet of reflection (around neck)
Scrolls
 d - 2 scrolls of enchant armour
 g - a scroll of identify
 i - a scroll of fog
 k - a scroll of remove curse


   Skills:
 + Level 2.5 Fighting
 + Level 0.7 Polearms
 - Level 1.5 Dodging
 - Level 1.5 Stealth
 + Level 4.2 Spellcasting
 * Level 4.7 Summonings
 * Level 0.0 Ice Magic


You had 2 spell levels left.
You knew the following spells:

 Your Spells              Type           Power        Failure   Level  Hunger
a - Summon Small Mammal   Summ           ###.         1%          1    N/A
b - Call Imp              Summ           ###.....     2%          2    N/A
c - Call Canine Familiar  Summ           ###.....     5%          3    N/A
d - Summon Ice Beast      Ice/Summ       ##......     45%         4    N/A

Your spell library contained the following spells:

 Spells                   Type           Power        Failure   Level  Hunger
 Summon Guardian Golem    Hex/Summ       ##......     16%         3    N/A
 Summon Lightning Spire   Summ/Air       ##......     45%         4    N/A

Dungeon Overview and Level Annotations

Branches:
Dungeon (4/15)
 Temple: D:4-7

Altars:
Elyvilon
Fedhas
Gozag
Nemelex Xobeh


Innate Abilities, Weirdness & Mutations

You do not eat or drink.
Your flesh is vulnerable to fire.
You are immune to poison.
Your flesh is cold resistant. (rC+)
You are immune to negative energy. (rN+++)
You are immune to unholy pain and torment.
You can survive without breathing.


Message History

r - Retreat! s - Stop attacking. g - Guard the area. f - Follow me.
Anything else - Cancel.
Gang up on whom?
Press: ? - help, Dir - move target cursor, f - orc warrior
Aim: an orc warrior, wielding a +0 dire flail and wearing a +0 chain mail Attack!
The orc warrior throws a stone.
The stone closely misses your hound. The stone hits you!
Your hound bites the orc warrior.
The orc warrior throws a stone.
The stone hits your hound.
Your hound barely misses the orc warrior.
The orc warrior hits your hound with a +0 dire flail!!
Your hound dies!
Your hound's corpse disappears in a puff of smoke!
The orc warrior throws a stone.
The stone hits you!
* * * LOW HITPOINT WARNING * * *
You see here a stone.
The orc warrior throws a stone.
The stone hits you!
You die...
Your body crumbles into a pile of gold.

#.# #.# #.# ##.##### #.# #......#
#.# #......#
#.######......###########
........................
..#######.####........##. ### #%#
#........# . .# #.# #..@.....#
.## .########.# #........# ..# #
.#........####....(...###.####.##
..............................>..
.#.###########..).....)o(......#
.#.# #....##.....###.(.##.# ## #
#....###.####.....# ......# ###
#..#...# ........# #..##...#


You could see an orc warrior.

Vanquished Creatures
  A centaur skeleton (D:4)
  A gnoll (D:2)
  3 adders
  4 dart slugs
  3 leopard geckos
  An orc (D:4)
  6 bats
  A giant cockroach (D:1)
  5 goblins
  4 hobgoblins
  2 jackals (D:2)
  3 kobolds
  A quokka (D:2)
  A ball python (D:1)
  7 frilled lizards
  6 rats
49 creatures vanquished.

Vanquished Creatures (collateral kills)
  Sigmund (D:2)
  5 gnolls (D:2)
  2 adders
  An orc (D:4)
  2 goblins (D:2)
  A hobgoblin (D:1)
  A jackal (D:2)
  3 kobolds
  A frilled lizard (D:2)
  A rat (D:1)
18 creatures vanquished.

Grand Total: 67 creatures vanquished

Notes
Turn   | Place    | Note
-------+----------+-------------------------------------------
     0 | D:1      | LostNumber the Mummy Summoner began the quest for the Orb.
     0 | D:1      | Reached XP level 1. HP: 13/13 MP: 4/4
   732 | D:1      | Reached XP level 2. HP: 20/20 MP: 5/5
   776 | D:1      | Learned a level 2 spell: Call Imp
  1287 | D:1      | Reached skill level 1 in Fighting
  1558 | D:1      | Reached XP level 3. HP: 25/26 MP: 7/7
  2080 | D:2      | Learned a level 3 spell: Call Canine Familiar
  2168 | D:2      | Reached XP level 4. HP: 19/32 MP: 1/9
  2597 | D:2      | Noticed Sigmund
  2659 | D:2      | Killed Sigmund
  2659 | D:2      | Reached XP level 5. HP: 27/38 MP: 0/11
  3318 | D:3      | Found a blossoming altar of Fedhas.
  3414 | D:3      | Found a sparkling altar of Nemelex Xobeh.
  3436 | D:3      | Found a white marble altar of Elyvilon.
  3686 | D:2      | Found an opulent altar of Gozag.
  3696 | D:2      | Became a worshipper of Gozag Ym Sagoz the Greedy
  4399 | D:4      | Learned a level 4 spell: Summon Ice Beast
  4410 | D:4      | Noticed an orc warrior
  4572 | D:4      | Hit by a stone thrown by an orc warrior

Vault maps used:
D:1:      minmay_arrival_up_and_down, item_on_display_a
D:2:      lemuel_upstairs_altar, first_ration, uniq_sigmund
D:3:      elyvilon_altar_4, old_standard_altar, overflow_temple_1_default,
          minmay_splitting_lines, chequers_serial_rivers_micro_d
D:4:      lemuel_crystal_altar, temple_pool_b, guppyfry_early_orc_mine

Skill      XL: |  1  2  3  4 |
---------------+-------------+-----
Spellcasting   | 3 4 |  4.2
Fighting       | 1 2 |  2.5
Summonings     | 4 |  4.7
Polearms       | |  0.7
Dodging        | |  1.5
Stealth        | |  1.5

Action                   |  1- 3 |  4- 6 || total
-------------------------+-------+-------++-------
Melee: Short sword       |    86 |    67 ||   153
       Club              |     5 |       ||     5
       Unarmed           |     5 |       ||     5
       Spear             |    12 |     7 ||    19
 Cast: Summon Small Mamm |     9 |       ||     9
       Call Imp          |    12 |     4 ||    16
       Call Canine Famil |     1 |     9 ||    10
  Use: Scroll            |       |     5 ||     5
 Stab: Sleeping          |     3 |       ||     3
Armor: Robe              |    25 |    18 ||    43
Dodge: Dodged            |    84 |    48 ||   132
Block: Other             |       |     7 ||     7

Table legend:
 A = Non-vault XP
 B = Vault XP
 C = Vault XP percentage of total XP
 D = Non-vault monster count
 E = Vault monster count
 F = Vault count percentage of total count
                 A         B        C        D         E       F
            +---------+---------+-------+---------+---------+-------
      Total |     232 |     118 |  33.7 |      64 |       3 |   4.5
            +---------+---------+-------+---------+---------+-------
        D:1 |      46 |       0 |   0.0 |      28 |       0 |   0.0
        D:2 |     105 |     114 |  52.1 |      26 |       1 |   3.7
        D:3 |      22 |       0 |   0.0 |       7 |       0 |   0.0
        D:4 |      59 |       4 |   6.3 |       3 |       2 |  40.0
            +---------+---------+-------+---------+---------+-------
